 Dungeon Crawl Stone Soup version 0.31-a0-1522-g43313d8a59 (webtiles) character file.

Game seed: 1508069636235357915

214 whatisthis the Cudgeller (level 5, -1/43 HPs)
             Began as a Human Berserker on Dec 30, 2023.
             Was a Believer of Trog.
             Succumbed to a scorpion's poison
             ... on level 3 of the Dungeon.
             The game lasted 00:05:48 (3139 turns).

whatisthis the Cudgeller (Human Berserker)          Turns: 3139, Time: 00:05:48

Health: -1/43      AC:  7    Str: 19    XL:     5   Next: 92%
Magic:  5/5        EV: 11    Int:  8    God:    Trog [**....]
Gold:   118        SH:  0    Dex: 12    Spells: 4/4 levels left

rFire   + . .        a - +0 mace
rCold   + . .        (no shield)
rNeg    . . .        c - +0 ring mail
rPois   +            w - +0 helmet
rElec   +            (no cloak)
rCorr   +            r - +0 pair of gloves
SInv    +            (no boots)
Will    ++...        (no amulet)
Stlth   +            i - ring of see invisible
HPRegen 1.27/turn    (no ring)
MPRegen 0.09/turn

%: no passive effects
@: mighty, lethally poisoned (-1 -> -11), resistant, strong-willed, regenerating
A: explore regen
a: Renounce Religion, Berserk, Trog's Hand


You were on level 3 of the Dungeon.
You worshipped Trog.
Trog was pleased with you.
You visited 1 branch of the dungeon, and saw 4 of its levels.

You collected 118 gold pieces.

Inventory:

Hand Weapons
 a - a +0 mace (weapon)
Missiles
 g - 40 stones
 j - 9 poisoned darts
 s - 8 boomerangs
Armour
 c - a +0 ring mail (worn)
 r - a +0 pair of gloves (worn)
 w - a +0 helmet (worn)
Jewellery
 i - a ring of see invisible (left hand)
Scrolls
 b - a scroll of blinking {unknown}
 e - a scroll of summoning {unknown}
 k - a scroll of fog {unknown}
 l - a scroll of poison {unknown}
 m - a scroll of revelation {unknown}
 n - 2 scrolls of identify {unknown}
 o - a scroll of immolation {unknown}
 u - a scroll of noise {unknown}
 v - a scroll of enchant armour {unknown}
 y - a scroll of silence {unknown}
Potions
 f - a potion of brilliance {unknown}
 h - a potion of might
 p - a potion of invisibility {unknown}
 q - a potion of degeneration {unknown}
 t - a potion of lignification {unknown}
 x - a potion of curing {unknown}


   Skills:
 + Level 4.9 Fighting
 + Level 5.0 Maces & Flails
 - Level 2.0 Armour
 - Level 2.0 Dodging


You had 4 spell levels left.
You didn't know any spells.
Your spell library was empty.

Dungeon Overview and Level Annotations

Branches:
Dungeon (4/15)
 Temple: D:4-7

Altars:
Vehumet

Annotations:
D:1 1 runed translucent door


Innate Abilities, Weirdness & Mutations

You regain HP and MP as you explore.


Message History

You hit the scorpion but do no damage.
You punch the scorpion, but do no damage.
The scorpion stings you.
You hit the scorpion.
The scorpion is moderately wounded.
The scorpion stings you but does no damage.
The scorpion closely misses you.
You hit the scorpion.
The scorpion is heavily wounded.
The scorpion stings you.
You are poisoned.
The scorpion poisons you!
You hit the scorpion but do no damage.
The scorpion is heavily wounded.
You feel very sick. The scorpion stings you.
You barely miss the scorpion.
The scorpion is heavily wounded.
You feel sick. The scorpion stings you. x2
You are lethally poisoned!
The scorpion poisons you!
You hit the scorpion.
The scorpion is heavily wounded.
You feel very sick. The scorpion stings you.
Your skin crawls.
You feel strong-willed.
You feel very sick.
The scorpion stings you but does no damage.
Okay, then.
It was a potion of might.
You feel very mighty all of a sudden.
You feel very sick. The scorpion barely misses you. The scorpion stings you.
* * * LOW HITPOINT WARNING * * *
You are lethally poisoned!
The scorpion poisons you!
It was a potion of resistance.
You feel protected.
You die...

......##.#....# #.#
########.#....# ##.#
# #.'....# ######..#
#
###....#####......##
####..##....#####
##.##....# #######
#.......#
#.....####..#...# ##
#.........s@#...# .#
#...........#...# .#
###.........#####
##### .# #.........#
#..<. .# #.......#.#
#.### .# #########.#
#.# .# #.# #.# .#
#.# #.# .# #.# #)#


You could see a scorpion.

Vanquished Creatures
  A scorpion (D:4)
  2 hounds (D:4)
  3 adders
  3 dart slugs (D:1)
  A ribbon worm (D:4)
  7 ball pythons
  2 endoplasms
  A giant cockroach (D:1)
  9 goblins
  6 hobgoblins
  2 quokkas
  3 bats (D:1)
  6 frilled lizards
  8 kobolds
  5 rats
59 creatures vanquished.

Notes
Turn   | Place    | Note
-------+----------+-------------------------------------------
     0 | D:1      | whatisthis the Human Berserker began the quest for the Orb.
     0 | D:1      | Reached XP level 1. HP: 18/18 MP: 1/1
     1 | D:1      | Found a runed translucent door.
     2 | D:1      | Noticed a jelly
   145 | D:1      | Reached XP level 2. HP: 17/24 MP: 2/2
   589 | D:1      | Reached XP level 3. HP: 29/29 MP: 3/3
   663 | D:1      | Reached ** piety under Trog
  1365 | D:2      | Reached skill level 4 in Maces & Flails
  1365 | D:2      | Reached XP level 4. HP: 36/37 MP: 4/4
  2404 | D:3      | Found a radiant altar of Vehumet.
  2572 | D:4      | Noticed a scorpion
  2585 | D:4      | Killed a scorpion
  2586 | D:4      | Reached XP level 5. HP: 43/43 MP: 5/5
  2982 | D:4      | Reached skill level 5 in Maces & Flails
  3139 | D:3      | Succumbed to a scorpion's poison

Illustrated notes

Levels and vault maps discovered:
D:1:      dpeg_arrival_caged_fury, layout_loops_corners,
          chequers_serial_rivers_micro_c, st_stairs_7
D:2:      layout_loops_ring
D:3:      layout_basic, overflow_temple_1_default
D:4:      layout_basic, chequers_garden, uniq_natasha

Skill      XL: |  1  2  3  4  5 |
---------------+----------------+-----
Maces & Flails | 4 5 |  5.0
Fighting       | 4 |  4.9
Armour         | |  2.0
Dodging        | |  2.0

Action                     |  1- 3 |  4- 6 || total
---------------------------+-------+-------++-------
  Melee: Mace              |   108 |   121 ||   229
         Punch             |       |     1 ||     1
 Invoke: Berserk           |       |     1 ||     1
         Trog's Hand       |       |     1 ||     1
    Use: Potion            |       |     2 ||     2
 Armour: Ring mail         |    68 |    84 ||   152
         Animal skin       |     2 |       ||     2
  Dodge: Dodged            |    63 |    81 ||   144

Table legend: (Time is in decaauts)
 A = Elapsed time spent in this place.
 B = Non-inter-level travel time spent in this place.
 C = Inter-level travel time spent in this place.
 D = Time resting spent in this place.
 E = Time spent auto-exploring this place.
 F = Levels seen in this place.
 G = Mean time per level.
                   A        B        C        D        E       F      G
               +--------+--------+--------+--------+--------+-----+--------+
         Total |   3198 |   3144 |     54 |    262 |   2208 |   4 |  799.5 |
       Dungeon |   3198 |   3144 |     54 |    262 |   2208 |   4 |  799.5 |
               +--------+--------+--------+--------+--------+-----+--------+

Top non-repeatable levels by time:
     D:1: 1058 daAuts
     D:2: 828 daAuts
     D:3: 710 daAuts
     D:4: 600 daAuts
